 Dungeon Crawl Stone Soup version 0.17.0-56-gd8de76c (webtiles) character file.

385 JokEr the Grappler (level 6, 0/50 (51) HPs)
             Began as a Ghoul Monk on Dec 6, 2015.
             Slain by Sigmund
             ... wielding a +0 scythe of slicing
              (3 damage)
             ... on level 3 of the Dungeon.
             The game lasted 00:08:40 (3401 turns).

JokEr the Grappler (Ghoul Monk)                     Turns: 3401, Time: 00:08:40

HP:   0/50 (51)     AC:  7    Str: 19    XL:     6   Next: 77%
MP:   5/5           EV: 10    Int:  5    God:
Gold: 156           SH:  0    Dex: 11    Spells: 0 memorised, 5 levels left

rFire  . . .     SeeInvis .       - Unarmed
rCold  + . .     Clarity  .     g - +0 scale mail
rNeg   + + +     SustAt   .     (no shield)
rPois  ∞         Gourm    .     e - +0 helmet
rElec  .         Spirit   .     (no cloak)
rCorr  .         Warding  .     (no gloves)
rMut   .         Stasis   .     (no boots)
MR     .....                    (no amulet)
Stlth  ..........               (no ring)
                                o - +2 ring of strength

@: rotting, not resistant to hostile enchantments, extremely unstealthy
A: rotting body, claws 1, carnivore 3, cold resistance 1, negative energy
resistance 3, slow regeneration 1, torment resistance, unbreathing
a: no special abilities


You were on level 3 of the Dungeon.
You were not hungry.

You visited 1 branch of the dungeon, and saw 3 of its levels.

You collected 156 gold pieces.

Inventory:

Armour
 a - a +0 robe
 e - a +0 helmet (worn)
 g - a +0 scale mail (worn)
Jewellery
 l - an uncursed ring of magical power
 o - a +2 ring of strength (left claw)
 p - an uncursed ring of stealth {unknown}
Potions
 c - a potion of magic
 h - a potion of invisibility {unknown}
 i - a potion of flight {unknown}
 j - a potion of curing {unknown}
 k - a potion of poison {unknown}
 q - 2 potions of heal wounds {unknown}
 r - a potion of cancellation {unknown}
Comestibles
 b - 5 meat rations
 f - a beef jerky


   Skills:
 - Level 3.2 Fighting
 - Level 2.6 Dodging
 - Level 2.1 Stealth
 + Level 8.6 Unarmed Combat


You had 5 spell levels left.
You didn't know any spells.

Dungeon Overview and Level Annotations

Branches:
Dungeon (3/15)

Altars:
Elyvilon
Gozag
Trog
Zin

Annotations:
D:3 Sigmund


Innate Abilities, Weirdness & Mutations

Your body is rotting away.
You thrive on raw meat.
You are immune to poison.
You have sharp fingernails.
You are carnivorous and can eat meat at any time.
Your flesh is cold resistant.
You are immune to negative energy.
You regenerate slowly when monsters are visible.
You are immune to unholy pain and torment.
You can survive without breathing.


Message History

You claw the orc wizard!
The orc wizard is severely wounded.
Something hits you!
You scratch the orc wizard.
You kill the orc wizard!
You scratch the orc.
The orc is severely wounded.
The orc hits you but does no damage. Something hits you!
You claw the orc!
You kill the orc!
You start resting.
Something hits you but does no damage.
You start resting.
Something completely misses you.
Unknown command.
No target in view!
You start resting.
Something hits you.
* * * LOW HITPOINT WARNING * * *
x2 Something hits you!
* * * LOW HITPOINT WARNING * * *
You die...

%....###### .>...##...## ....
...####.#..# ########## ....
#.......##.###........# .....
######................ .....
##<##.#.#...... ......
#.##........#####......
#.###..###...##........
#######.# ##...#@#.)..##
.....[..# ###...#)#...##
#...##..#######..#.###..#
.........................#
###.........##......(......
.###..<####........[........
.......######........#####...
.[###.....#...(......# #..
...###.##...##..>....####


There were no monsters in sight!

Vanquished Creatures
  Grinder (D:3)
  An orc wizard (D:3)
  Jessica (D:3)
  Natasha (twice) (D:3)
  3 adders
  A gnoll (D:1)
  2 oozes (D:1)
  3 worms (D:2)
  2 giant geckos
  2 orcs (D:3)
  6 goblins
  2 hobgoblins
  9 kobolds
  A quokka (D:2)
  A ball python (D:1)
  3 bats (D:1)
  A giant cockroach (D:1)
  3 giant newts
  11 rats
55 creatures vanquished.

Notes
Turn   | Place    | Note
--------------------------------------------------------------
     0 | D:1      | JokEr the Ghoul Monk began the quest for the Orb.
     0 | D:1      | Reached XP level 1. HP: 19/19 MP: 0/0
   211 | D:1      | Reached skill level 5 in Unarmed Combat
   211 | D:1      | Reached XP level 2. HP: 26/26 MP: 1/1
   526 | D:1      | Reached XP level 3. HP: 31/31 MP: 2/2
  1624 | D:2      | Reached skill level 6 in Unarmed Combat
  1624 | D:2      | Reached XP level 4. HP: 30/38 MP: 3/3
  2601 | D:3      | Noticed Jessica
  2611 | D:3      | Killed Jessica
  2627 | D:3      | Reached XP level 5. HP: 42/45 MP: 4/4
  2707 | D:3      | Noticed Natasha
  2716 | D:3      | Killed Natasha
  2716 | D:3      | Reached skill level 7 in Unarmed Combat
  2754 | D:3      | Found a glowing silver altar of Zin.
  2758 | D:3      | Found a white marble altar of Elyvilon.
  2777 | D:3      | Found an opulent altar of Gozag.
  2787 | D:3      | Found a bloodstained altar of Trog.
  2896 | D:3      | Noticed Grinder
  2896 | D:3      | Paralysed by Grinder for 6 turns
  2914 | D:3      | Paralysed by Grinder for 5 turns
  2921 | D:3      | Killed Grinder
  2921 | D:3      | Reached skill level 8 in Unarmed Combat
  2921 | D:3      | Reached XP level 6. HP: 40/51 MP: 5/5
  2986 | D:3      | Noticed Natasha
  3017 | D:3      | Killed Natasha
  3379 | D:3      | Noticed Sigmund
  3401 | D:3      | Slain by Sigmund

Action                   |  1- 3 |  4- 6 || total
-------------------------+-------+-------++-------
Melee: Unarmed           |    83 |   110 ||   193
  Use: Scroll            |     2 |     3 ||     5
       Potion            |       |     1 ||     1
 Stab: Sleeping          |     2 |       ||     2
  Eat: Chunk             |    13 |    11 ||    24
